 Dungeon Crawl Stone Soup version 0.25-b1-41-g1964123 (webtiles) character file.

Game seed: 4858919711123092713

888381 Dorkslayer the Axe Maniac (level 27, -22/273 HPs)
             Began as a Hill Orc Fighter on June 6, 2020.
             Was the Champion of the Shining One.
             Killed from afar by a shard shrike (27 damage)
             ... with a shard of ice
             ... on level 6 of Cocytus on June 9, 2020.
             The game lasted 08:51:31 (68029 turns).

Dorkslayer the Axe Maniac (Hill Orc Fighter)       Turns: 68029, Time: 08:51:31

Health: -22/273    AC: 50    Str: 37    XL:     27
Magic:  29/39      EV: 20    Int: 14    God:    the Shining One [******]
Gold:   13124      SH: 42    Dex: 21    Spells: 39/39 levels left

rFire    + . .     SeeInvis +   p - +9 broad axe (holy)
rCold    + + .     Gourm    .   B - +5 kite shield {reflect}
rNeg     + + +     Faith    .   b - +10 gold dragon scales "Cihuef" {rPois rF+ rC+ Regen+}
rPois    +         Spirit   .   E - +2 helmet {SInv}
rElec    .         Reflect  +   j - +2 cloak {Stlth+}
rCorr    .         Harm     .   i - +2 pair of gloves {Str+3}
MR       ++...                  U - +2 pair of boots {Fly}
Stlth    ..........             v - amulet of the Ancients {Regen+ Int+6 Slay+3}
HPRegen  1.35/turn              O - ring of Tujylaj {Dex+6 Slay+3}
MPRegen  0.26/turn              c - ring of Nonn {rC+ Str+4 Dex+3 Slay+2}

@: divine shield, marked, flying, hasted, glowing, very quick
A: claws 1, mutation resistance 1, sense surroundings 1
}: 6/15 runes: decaying, serpentine, slimy, silver, iron, abyssal
a: Divine Shield, Cleansing Flame, Summon Divine Warrior, Brand Weapon With Holy
Wrath, Renounce Religion, Stop Flying


You were on level 6 of Cocytus.
You worshipped the Shining One.
The Shining One was exalted by your worship.
You were not hungry.

You visited 15 branches of the dungeon, and saw 71 of its levels.
You visited the Abyss 4 times.
You visited 1 ziggurat, and saw 12 of its levels.
You also visited: Trove, Bailey, Gauntlet, Ice Cave and Wizlab.

You collected 20238 gold pieces.
You spent 7114 gold pieces at shops.

Inventory:

Hand Weapons
 m - a +9 broad axe of flaming
 p - a +9 broad axe of holy wrath (weapon)
 x - the +4 hand axe "Rewef" {vorpal, rElec rN+, unknown}
   (You found it on level 7 of the Iron City of Dis)

   It inflicts extra damage upon your enemies.
   It insulates you from electricity.
   It protects you from negative energy.
Missiles
 S - 17 curare-tipped darts
 V - 52 silver javelins (quivered)
Armour
 b - the +10 gold dragon scales "Cihuef" (worn) {rPois rF+ rC+ Regen+}
   (You acquired it on level 2 of the Orcish Mines)

   It protects you from fire.
   It protects you from cold.
   It protects you from poison.
   It increases your rate of regeneration.
 i - a +2 pair of gloves of strength (worn)
 j - a +2 cloak of stealth (worn)
 B - a +5 kite shield of reflection (worn)
 E - a +2 helmet of see invisible (worn)
 U - a +2 pair of boots of flying (worn)
Jewellery
 c - the ring of Nonn (right hand) {rC+ Str+4 Dex+3 Slay+2}
   (You found it on level 5 of a ziggurat)

   [ring of protection from cold]

   It affects your strength (+4).
   It affects your dexterity (+3).
   It affects your accuracy and damage with ranged weapons and melee attacks
   (+2).
   It protects you from cold.
 v - the amulet of the Ancients (around neck) {Regen+ Int+6 Slay+3}
   (You found it on level 6 of a ziggurat)

   [amulet of regeneration]

   It affects your intelligence (+6).
   It affects your accuracy and damage with ranged weapons and melee attacks
   (+3).
   It increases your rate of regeneration.
 D - the cursed ring "Vorakocs" {rF+++ AC-4 Str-3 Dex+4}
   (You took it off an iron imp on level 7 of the Iron City of Dis)

   [ring of protection]

   It affects your AC (-4).
   It affects your strength (-3).
   It affects your dexterity (+4).
   It renders you almost immune to fire.
   It has a curse placed upon it.
 O - the ring of Tujylaj (left hand) {Dex+6 Slay+3}
   (You found it in a treasure trove)

   [ring of dexterity]

   It affects your dexterity (+6).
   It affects your accuracy and damage with ranged weapons and melee attacks
   (+3).
Wands
 d - a wand of paralysis (44)
 e - a wand of disintegration (14)
 q - a wand of flame (95)
 w - a wand of digging (17)
 G - a wand of enslavement (16)
 Q - a wand of acid (7)
 R - a wand of iceblast (48)
Scrolls
 l - 36 scrolls of remove curse
 s - 9 scrolls of magic mapping
 t - 4 scrolls of immolation
 u - 7 scrolls of summoning
 y - 30 scrolls of teleportation
 H - 3 scrolls of fog
 K - 3 scrolls of holy word
Potions
 a - 5 potions of ambrosia
 g - 3 potions of stabbing
 h - 4 potions of resistance
 k - 3 potions of haste
 n - 6 potions of magic
 o - 2 potions of mutation
 z - 11 potions of brilliance
 A - 9 potions of curing
 I - 6 potions of might
 M - 2 potions of berserk rage
 P - 5 potions of cancellation
Miscellaneous
 C - 7 phantom mirrors
 F - 8 boxes of beasts
 L - the horn of Geryon
 N - a lightning rod (4/4)
 Y - a tin of tremorstones (3/3)
Comestibles
 f - 81 rations


   Skills:
 O Level 27 Fighting
 O Level 27 Axes
 * Level 12.4 Throwing
 * Level 22.0 Armour
 * Level 15.7 Dodging
 + Level 1.4 Stealth
 + Level 26.8 Shields
 * Level 6.9 Spellcasting
   Level 0.8 Conjurations
   Level 0.6 Hexes
   Level 0.5 Charms
   Level 0.6 Summonings
   Level 0.9 Translocations
   Level 0.4 Transmutations
   Level 0.7 Fire Magic
   Level 0.5 Ice Magic
   Level 0.5 Air Magic
   Level 0.6 Earth Magic
 * Level 25.7 Invocations
 * Level 21.0 Evocations


You had 39 spell levels left.
You didn't know any spells.
Your spell library contained the following spells:

 Spells                   Type           Power        Failure   Level  Hunger
 Apportation              Tloc           #.....       50%         1    None
 Foxfire                  Conj/Fire      #...         52%         1    None
 Magic Dart               Conj           #...         52%         1    None
 Corona                   Hex            #......      54%         1    None
 Summon Butterflies       Summ           #.......     54%         1    None
 Summon Small Mammal      Summ           #...         54%         1    None
 Beastly Appendage        Tmut           #.....       56%         1    None
 Infusion                 Chrm           #...         56%         1    None
 Sting                    Tmut/Pois      #...         58%         1    None
 Animate Skeleton         Necr           N/A          63%         1    None
 Blink                    Tloc           N/A          63%         2    #......
 Shroud of Golubria       Chrm/Tloc      #.....       67%         2    #......
 Call Imp                 Summ           #.......     69%         2    #......
 Ensorcelled Hibernation  Hex/Ice        #.....       69%         2    #......
 Slow                     Hex            #.......     69%         2    #......
 Song of Slaying          Chrm           #.......     71%         2    #......
 Sticks to Snakes         Tmut           #.......     71%         2    #......
 Corpse Rot               Necr/Air       N/A          73%         2    #......
 Poisonous Vapours        Pois/Air       #.....       73%         2    #......
 Sublimation of Blood     Necr           #.........   77%         2    #......
 Gell's Gravitas          Tloc           #.........   86%         3    ##.....
 Lesser Beckoning         Tloc           #.........   86%         3    ##.....
 Portal Projectile        Hex/Tloc       #.....       87%         3    ##.....
 Recall                   Summ/Tloc      N/A          87%         3    ##.....
 Conjure Flame            Conj/Fire      #.......     88%         3    ##.....
 Dazzling Flash           Conj/Hex       #.....       88%         3    ##.....
 Inner Flame              Hex/Fire       #.......     88%         3    ##.....
 Static Discharge         Conj/Air       #.......     88%         3    ##.....
 Stone Arrow              Conj/Erth      #.....       88%         3    ##.....
 Call Canine Familiar     Summ           #.......     89%         3    ##.....
 Confusing Touch          Hex            #.......     89%         3    ##.....
 Spectral Weapon          Hex/Chrm       #.......     89%         3    ##.....
 Summon Guardian Golem    Hex/Summ       #.......     89%         3    ##.....
 Tukima's Dance           Hex            #.......     89%         3    ##.....
 Mephitic Cloud           Conj/Pois/Air  #.......     90%         3    ##.....
 Ozocubu's Armour         Chrm/Ice       #.......     90%         3    ##.....
 Ignite Poison            Fire/Tmut/Pois #.......     91%         3    ##.....
 Spider Form              Tmut/Pois      #.........   92%         3    ##.....
 Fulminant Prism          Conj/Hex       #.........   99%         4    ####...
 Sticky Flame             Conj/Fire      #.......     99%         4    ####...
 Cause Fear               Hex            #.........   100%        4    ####...
 Ice Form                 Ice/Tmut       #.......     100%        4    ####...
 Leda's Liquefaction      Hex/Erth       #.........   100%        4    ####...
 Olgreb's Toxic Radiance  Pois           #.......     100%        4    ####...
 Petrify                  Tmut/Erth      #.......     100%        4    ####...
 Summon Ice Beast         Ice/Summ       #.......     100%        4    ####...
 Summon Lightning Spire   Summ/Air       #.......     100%        4    ####...
 Alistair's Intoxication  Tmut/Pois      #.......     100%        5    ######.
 Blade Hands              Tmut           #.........   100%        5    ######.
 Bolt of Magma            Conj/Fire/Erth #.........   100%        5    ######.
 Borgnjor's Vile Clutch   Necr/Erth      #.........   100%        5    ######.
 Fireball                 Conj/Fire      #.........   100%        5    ######.
 Irradiate                Conj/Tmut      #.........   100%        5    ######.
 Iskenderun's Battlesphe  Conj/Chrm      #.......     100%        5    ######.
 Lightning Bolt           Conj/Air       #.........   100%        5    ######.
 Metabolic Englaciation   Hex/Ice        #.........   100%        5    ######.
 Silence                  Hex/Air        #.........   100%        5    ######.
 Summon Forest            Summ/Tloc      #.........   100%        5    ######.
 Summon Mana Viper        Hex/Summ       #.......     100%        5    ######.
 Yara's Violent Unravell  Hex/Tmut       #.........   100%        5    ######.
 Conjure Ball Lightning   Conj/Air       #.........   100%        6    #######
 Darkness                 Hex            #.........   100%        6    #######
 Dispersal                Tloc           #.........   100%        6    #######
 Eringya's Noxious Bog    Tmut/Pois      #.........   100%        6    #######
 Freezing Cloud           Conj/Ice/Air   #.........   100%        6    #######
 Hydra Form               Tmut           #.........   100%        6    #######
 Invisibility             Hex            #.......     100%        6    #######
 Iron Shot                Conj/Erth      #.........   100%        6    #######
 Ozocubu's Refrigeration  Ice            #.........   100%        6    #######
 Shadow Creatures         Summ           N/A          100%        6    #######
 Simulacrum               Ice/Necr       #.........   100%        6    #######
 Starburst                Conj/Fire      #.........   100%        6    #######
 Statue Form              Tmut/Erth      #........    100%        6    #######
 Dragon Form              Tmut           #.........   100%        7    #######
 Orb of Destruction       Conj           #.........   100%        7    #######
 Ring of Flames           Chrm/Fire      #.........   100%        7    #######
 Spellforged Servitor     Conj/Summ      #.........   100%        7    #######
 Summon Hydra             Summ           #.........   100%        7    #######
 Controlled Blink         Tloc           N/A          100%        8    #######
 Discord                  Hex            #.........   100%        8    #######
 Disjunction              Tloc           #.........   100%        8    #######
 Ignition                 Fire           #.........   100%        8    #######
 Shatter                  Erth           #.........   100%        9    #######
 Tornado                  Air            #.........   100%        9    #######


Dungeon Overview and Level Annotations

Branches:
Dungeon (15/15)            Temple (1/1) D:5            Lair (6/6) D:10
  Swamp (4/4) Lair:2        Snake (4/4) Lair:2        Slime (5/5) Lair:6
    Orc (2/2) D:12            Elf (3/3) Orc:2        Vaults (5/5) D:14
  Crypt (3/3) Vaults:3       Tomb (0/3) Crypt:3      Depths (5/5) D:15
   Hell (visited)             Dis (7/7) Hell            Geh (0/7) Hell
    Coc (6/7) Hell            Tar (0/7) Hell            Zot (4/5) Depths:5
 Bailey (visited)           IceCv (visited)          WizLab (visited)
Gauntlet (visited)

Altars:
Ashenzari
Cheibriados
Dithmenos
Elyvilon
Fedhas
Gozag
Hepliaklqana
Kikubaaqudgha
Makhleb
Nemelex Xobeh
Okawaru
Qazlal
Ru
Sif Muna
Trog
Uskayaw
Vehumet
Wu Jian
Xom
Yredelemnul
Zin
The Shining One
Beogh
Jiyva

Shops:
D:5 %   D:9 }*((=   D:12 (   D:14 *([   Orc:2 [:%   Elf:1 =   Elf:2 (
Snake:1 ==}   Vaults:1 [   Vaults:5 ==   Depths:4 :

Portals:
Hell: Depths:1 Depths:2 Depths:3 Depths:4 Depths:5
Abyss: Depths:1 Depths:4 Depths:5
Pandemonium: Orc:2 Depths:1 Depths:2 Depths:3 Depths:5

Annotations:
D:8 Psyche


Innate Abilities, Weirdness & Mutations

You have sharp fingernails.
You are somewhat resistant to further mutation.
You passively map a small area around you.


Message History

You block the shard shrike's attack.
The Ice Fiend calls on the powers of darkness!
The shard shrike convulses! x3; Your body is wracked with pain!
* * * LOW HITPOINT WARNING * * *
The shard shrike convulses! x2; The ice beast convulses!
You feel yourself speed up.
The shard shrike spits a shard of ice at you.
Your +5 kite shield of reflection reflects the shard of ice!
The shard of ice hits the shard shrike!!
The shard shrike partially resists.
You kill the shard shrike!
Your Armour skill increases to level 22!
The shard shrike claws you!
* * * LOW HITPOINT WARNING * * *
The shard shrike freezes you! You resist.
* * * LOW HITPOINT WARNING * * *
You block the shard shrike's attack.
The shard shrike spits a shard of ice at you.
The shard of ice hits you!! You partially resist.
You die...

≈≈≈≈≈≈...........≈≈≈≈≈≈≈
*
≈≈≈≈≈............≈≈≈≈≈≈≈
≈
≈≈≈≈.......≈......≈≈≈≈≈≈
≈≈..≈≈≈≈≈≈≈......≈≈
≈≈.≈≈≈≈≈≈≈≈≈.....≈
≈..≈≈≈≈≈≈≈≈≈.....≈ ≈
≈.....≈≈≈1≈≈≈....≈
≈≈....b≈b≈≈≈≈.... ≈
≈≈≈....@b≈≈≈≈≈... ≈
≈≈≈≈...b...≈≈≈... ≈ ≈
≈≈≈≈≈............
≈≈≈≈≈≈........... ≈ ≈
≈≈≈≈≈Y≈........ *
≈≈≈≈≈≈≈......≈. , , ≈
≈≈≈≈≈≈≈≈...≈≈≈≈
≈≈≈≈≈≈≈≈≈..≈≈≈≈ ≈


You could see 4 shard shrikes, an Ice Fiend and an ice beast.

Vanquished Creatures
  the Royal Jelly (Slime:5)
  Dispater (Dis:7)
  An orb of fire (Zot:2)
  Mara (Crypt:1)
  Mennas (Vaults:2)
  5 juggernauts
  4 ancient liches
  4 shard shrikes (Coc:6)
  Bai Suzhen (Elf:3)
  A Killer Klown (Zot:4)
  Saint Roka (Vaults:1)
  2 caustic shrikes
  5 golden dragons
  3 curse toes
  Geryon (Hell)
  4 Tzitzimimeh
  10 bone dragons
  2 pandemonium lords
  A profane servitor (Crypt:1)
  4 Brimstone Fiends (Dis:7)
  14 tentacled monstrosities
  6 iron giants (Dis:7)
  7 Ice Fiends
  8 liches
  Jorgrun (Swamp:1)
  8 Hell Sentinels
  Rupert (Lair:5)
  7 deep elf blademasters
  Asterion (Snake:1)
  18 titans
  Murray (Hell)
  9 deep elf master archers
  An acid blob (shapeshifter) (Vaults:5)
  22 acid blobs
  14 quicksilver dragons
  15 tentacled starspawn
  2 sphinxes (shapeshifter) (Zig:10)
  10 death cobs
  2 Executioners
  A kraken (Abyss:3)
  16 ancient champions
  11 sphinxes
  The ghost of Barug the Brawler, an adept TrMo of Nemelex Xobeh (Depths:3)
  Kirke (Lair:4)
  8 shadow dragons
  Roxanne (Swamp:2)
  Donald (Snake:1)
  12 storm dragons
  22 fire giants
  4 revenants
  4 thorn hunters
  5 draconian monks
  5 tengu reavers
  27 frost giants
  A daeva (Abyss:3)
  24 vault wardens
  A corrupter (Zig:7)
  7 azure jellies
  13 iron dragons
  18 nagarajas
  10 draconian knights
  4 balrugs
  3 orc warlords
  3 deep elf sorcerers
  4 ghost moths
  4 cacodemons
  4 ghouls (Crypt:2)
  The ghost of Sede the Severer, a journeyman HOFi of Okawaru (Lair:6)
  2 draconian scorchers (Zot:2)
  3 draconian shifters (Zot:2)
  Louise (Elf:2)
  A juggernaut zombie (Depths:1)
  7 draconian annihilators
  4 draconian stormcallers
  2 curse skulls
  33 reapers
  2 spriggan defenders (Depths:5)
  An angel (Abyss:3)
  11 ironheart preservers
  11 deep elf elementalists
  A blood saint (Zig:7)
  39 stone giants
  17 very ugly things
  10 black draconians
  3 entropy weavers
  2 black suns (Zig:7)
  An elemental wellspring (Coc:2)
  15 green draconians
  11 deep elf annihilators
  29 war gargoyles
  6 vampire knights
  2 ophanim (Abyss:3)
  A minotaur (Gauntlet)
  7 white draconians
  3 deep elf demonologists
  8 red draconians
  10 yellow draconians
  2 lorocyprocas (Dis:6)
  9 purple draconians
  6 blizzard demons
  2 pearl dragon zombies (Crypt:1)
  17 ettins
  2 green deaths
  8 death oozes (Slime:5)
  7 jiangshi
  6 spark wasps
  2 merfolk javelineers
  4 eidola
  11 fire dragons
  3 quicksilver dragon zombies
  5 deep elf death magi
  A kraken zombie (Coc:2)
  29 yaktaur captains
  Erolcha (D:12)
  21 hydras
  3 merfolk impalers
  8 ice dragons
  9 deep elf high priests
  8 rakshasas
  2 shambling mangroves
  A quicksilver dragon skeleton (Dis:7)
  14 great orbs of eyes
  4 hell beasts
  A ghost crab (Swamp:2)
  A spriggan air mage (Depths:5)
  42 vault guards
  25 naga warriors
  A juggernaut simulacrum (Depths:4)
  41 two-headed ogres
  5 death knights
  Erica (D:8)
  7 centaur warriors
  3 catoblepae (Lair:6)
  9 anacondas
  32 dancing weapons
  13 alligators
  9 hell hogs
  10 death yaks
  4 vampire magi
  15 ogre magi
  8 deep troll earth magi
  13 deep troll shamans
  A titan zombie (Depths:1)
  6 orc high priests
  2 spriggan berserkers
  8 naga sharpshooters
  13 thrashing horrors
  5 storm dragon zombies
  21 hell knights
  10 soul eaters
  2 titan skeletons
  6 shock serpents
  A fire crab (Lair:4)
  A fire crab (shapeshifter) (Depths:2)
  10 wretched stars
  A shock serpent (shapeshifter) (Zig:10)
  25 deep elf knights
  2 death drakes
  7 iron golems
  6 sun demons
  A salamander mystic (Depths:4)
  72 skeletal warriors
  A spriggan druid (Swamp:4)
  18 iron trolls
  3 sixfirhies
  15 swamp dragons
  A torturous demonspawn (Orc:2)
  A storm dragon skeleton (Crypt:1)
  4 wizards
  3 sea snakes
  12 flayed ghosts
  A sea snake (shapeshifter) (D:14)
  A spatial maelstrom (Abyss:3)
  A shadow demon (Zig:5)
  6 glowing orange brains
  5 unseen horrors
  3 anaconda zombies
  13 phantasmal warriors
  2 cherubim (Abyss:3)
  A gelid demonspawn (Orc:2)
  24 deep elf archers
  2 golden dragon skeletons
  8 naga ritualists
  34 deep trolls
  2 shadow dragon zombies (Dis:7)
  4 harpies
  13 ironbrand convokers
  25 orc knights
  3 anaconda skeletons
  4 stone giant zombies
  42 large abominations
  8 frost giant zombies
  3 orb spiders (Zig:8)
  14 necromancers
  3 fauns (Zig:4)
  2 orb spiders (shapeshifter)
  2 shadow dragon skeletons
  3 wolf spider zombies
  A mana viper (shapeshifter) (Zig:11)
  3 iron dragon zombies
  13 orc sorcerers
  13 mana vipers
  18 salamanders
  72 deep elf magi
  4 manticores
  2 salamanders (shapeshifter)
  3 fire giant zombies
  4 wolf spiders
  A tengu skeleton (Zig:2)
  14 cyclopes
  4 shining eyes
  35 ugly things
  6 worldbinders
  7 apocalypse crabs
  4 fire giant skeletons (Crypt:3)
  15 naga magi
  3 elephants (Lair:6)
  5 dire elephant zombies (Dis:7)
  36 black mambas
  3 iron dragon skeletons
  17 guardian serpents
  2 stone giant skeletons
  12 smoke demons
  4 apis skeletons (Crypt:1)
  21 moths of wrath
  3 ice statues (IceCv)
  2 guardian serpents (shapeshifter)
  A centaur zombie (D:14)
  4 gargoyles (Crypt:3)
  A water nymph (Zig:4)
  2 dire elephant skeletons
  A spiny frog (shapeshifter) (Abyss:3)
  A molten gargoyle (Depths:4)
  15 vault sentinels
  10 orange demons
  A torpor snail (Zig:8)
  2 centaur skeletons (D:11)
  A storm dragon simulacrum (Depths:3)
  11 hellions
  47 rust devils
  A spriggan skeleton (Depths:4)
  4 frost giant skeletons
  3 rime drakes
  A white draconian zombie (Crypt:2)
  5 efreet
  4 eyes of devastation
  A minotaur zombie (Gauntlet)
  2 kobold demonologists
  10 spiny frogs
  An iron troll zombie (Crypt:2)
  2 emperor scorpion zombies (Dis:5)
  2 rime drakes (shapeshifter)
  20 tormentors
  23 freezing wraiths
  2 harpy zombies
  8 komodo dragons
  5 demonic crawlers
  2 spark wasp simulacra (Depths:3)
  A white draconian skeleton (Crypt:3)
  61 yaktaurs
  4 merfolk (Zig:4)
  A black draconian skeleton (Crypt:2)
  2 komodo dragons (shapeshifter)
  13 ancient zymes
  3 guardian mummies (Crypt:3)
  25 ice devils
  2 tengu conjurers
  2 hellwings
  A golden dragon simulacrum (Coc:2)
  2 catoblepas skeletons
  2 trolls (shapeshifter)
  4 red devils
  A tengu simulacrum (Depths:3)
  A meliai (shapeshifter) (Vaults:4)
  3 jumping spiders
  A queen bee (Lair:6)
  3 meliai (D:14)
  12 trolls
  11 hydra zombies
  A shadow dragon simulacrum (Depths:3)
  2 wind drakes (shapeshifter)
  2 polar bears (shapeshifter)
  A queen bee (shapeshifter) (Depths:2)
  4 ettin zombies
  13 tyrant leeches
  A hornet (shapeshifter) (Depths:1)
  26 hornets
  A wind drake (Zig:4)
  A dream sheep (shapeshifter) (Vaults:5)
  3 hydra skeletons
  4 bog bodies
  55 slime creatures
  A snapping turtle (shapeshifter) (Vaults:5)
  11 blink frogs
  An iron dragon simulacrum (Depths:3)
  20 raiju
  5 fire dragon zombies
  7 hippogriffs
  A centaur simulacrum (D:10)
  38 flying skulls
  A deep troll skeleton (Depths:1)
  3 redbacks
  4 vampires (WizLab)
  13 fire dragon skeletons
  3 alligator zombies
  2 air elementals
  2 alligator skeletons
  3 black mamba zombies
  8 spriggans
  16 water elementals
  31 wraiths
  A black mamba skeleton (Dis:7)
  An ice dragon skeleton (Crypt:3)
  A tarantella (shapeshifter) (Zig:11)
  A wyvern (shapeshifter) (Depths:4)
  19 ynoxinuls
  13 shadows
  15 fire elementals
  4 basilisks
  A golden eye (shapeshifter) (D:14)
  65 yaks
  6 neqoxecs
  A human (D:7)
  9 golden eyes
  12 chaos spawn
  4 fire bats
  4 hogs (D:7)
  11 hungry ghosts
  4 vampire mosquitoes
  4 wargs
  5 two-headed ogre zombies (WizLab)
  52 nagas
  13 insubstantial wisps
  12 swamp worms
  A deep troll zombie (Crypt:1)
  A hydra simulacrum (Coc:6)
  6 spiny frog zombies
  3 soldier ants
  2 merfolk zombies
  32 hell hounds
  20 small abominations
  A human skeleton (Depths:4)
  18 water moccasins
  2 floating eyes (shapeshifter)
  7 porcupines
  A floating eye (Depths:3)
  17 ice beasts
  82 orc warriors
  9 swamp drakes
  4 sky beasts
  A black bear (D:11)
  7 spiny frog skeletons
  A black bear (shapeshifter) (Gauntlet)
  2 alligator simulacra
  3 necrophages
  3 phantoms
  4 eyes of draining
  A spriggan simulacrum (Depths:3)
  10 boggarts
  4 snapping turtle zombies
  28 wolves
  A swamp dragon zombie (Dis:7)
  19 centaurs
  39 ogres
  13 crocodiles
  4 big kobolds
  A crocodile (shapeshifter) (Vaults:3)
  Blork the orc (D:6)
  4 earth elementals
  A draconian skeleton (Crypt:1)
  13 bullfrogs
  An ogre simulacrum (Vaults:1)
  A spiny frog simulacrum (Hell)
  5 scorpions
  7 troll zombies (WizLab)
  A manticore simulacrum (Crypt:1)
  18 killer bees
  2 water moccasin skeletons
  A vampire bat (Lair:1)
  5 howler monkeys
  41 wights
  A lava snake (Lair:3)
  4 bullfrog zombies
  7 quasits
  26 starcursed masses
  10 crimson imps
  69 iron imps
  3 hounds
  6 jellies
  Crazy Yiuf (D:6)
  3 bullfrog skeletons
  A gnoll shaman (D:6)
  38 orc priests
  34 orc wizards
  2 human zombies
  Jessica (D:3)
  8 worker ants
  6 iguanas
  5 hell rats (Hell)
  2 killer bee zombies (D:10)
  A dwarf zombie (Crypt:2)
  A naga zombie (Dis:3)
  7 ogre zombies
  A bullfrog simulacrum (D:10)
  A crocodile skeleton (Crypt:2)
  2 hound skeletons
  12 mummies
  A worker ant zombie (D:11)
  A howler monkey zombie (D:7)
  6 gnolls (D:6)
  18 adders
  4 shadow imps
  8 white imps
  6 ufetubi
  2 oozes (D:3)
  2 adder skeletons
  An iguana skeleton (Crypt:1)
  4 worms
  2 dart slugs (D:1)
  4 leopard geckos
  133 orcs
  3 ball pythons
  12 bats
  3 giant cockroaches
  14 goblins
  8 hobgoblins
  13 jackals
  5 quokkas
  4 frilled lizards (D:1)
  A jackal zombie (D:5)
  20 kobolds
  2 rats
  11 briar patches (Swamp:4)
  4 crawling corpses (Elf:3)
  A fire vortex (Lair:3)
  19 fungi
  13 plants
  13 starspawn tentacles
  5 tentacles
  50 withered plants (Crypt:3)
3881 creatures vanquished.

Vanquished Creatures (collateral kills)
  the Lernaean hydra (Swamp:4)
  An iron giant (Zig:12)
  A doom hound (Zig:5)
  2 acid blobs (Slime:5)
  A frost giant (D:14)
  2 iron dragons
  A war gargoyle (Zig:12)
  2 entropy weavers (Zig:12)
  A reaper (Zig:5)
  A hydra (Swamp:4)
  A vault guard (Vaults:5)
  A hell beast (Dis:7)
  3 two-headed ogres
  An ogre mage (Vaults:5)
  A deep troll earth mage (Depths:1)
  4 iron golems
  3 iron trolls
  A swamp dragon (Swamp:4)
  A wizard (D:14)
  A manticore (D:13)
  A torpor snail (Zig:12)
  A guardian serpent (Snake:4)
  A gargoyle (Zig:12)
  A centaur skeleton (D:13)
  A centaur zombie (D:13)
  A spriggan zombie (Zig:5)
  2 naga magi (Snake:4)
  A hellion (Dis:7)
  A tormentor (Dis:6)
  A slime creature (D:15)
  A spriggan simulacrum (Depths:3)
  A shadow (Zig:5)
  A wraith (Dis:6)
  A swamp worm (Swamp:4)
  A hell hound (Gauntlet)
  3 orc warriors
  An ogre (D:15)
  An earth elemental (Zig:12)
  3 wights
  A vampire bat (Lair:1)
  A crimson imp (D:13)
  2 orc priests (Orc:2)
  An iron imp (Dis:6)
  A shadow imp (Zig:5)
  4 orcs (Orc:2)
64 creatures vanquished.

Vanquished Creatures (others)
  A storm dragon (Depths:4)
  A deep elf sorcerer (Elf:3)
  A frost giant (Abyss:1)
  A deep elf elementalist (Elf:3)
  2 elemental wellsprings (Coc:6)
  A stone giant (Depths:5)
  A blizzard demon (Dis:4)
  3 hell hogs
  A soul eater (Hell)
  A spriggan berserker (Depths:2)
  2 deep elf magi (Zot:3)
  An ugly thing (IceCv)
  A naga mage (Snake:4)
  A redback (Zig:8)
  A wraith (Dis:4)
  4 orc warriors
  An ice beast (Abyss:1)
  3 briar patches (Swamp:4)
  14 demonic plants (Gauntlet)
  6 fungi
  2 lurking horrors
  28 plants
  21 starspawn tentacles
  7 tentacles
  10 withered plants
115 creatures vanquished.

Grand Total: 4060 creatures vanquished

Notes
Turn   | Place    | Note
-------+----------+-------------------------------------------
     0 | D:1      | Dorkslayer the Hill Orc Fighter began the quest for the
                  | Orb.
     0 | D:1      | Reached XP level 1. HP: 19/19 MP: 1/1
   197 | D:1      | Reached XP level 2. HP: 20/27 MP: 2/2
   856 | D:2      | Reached XP level 3. HP: 21/33 MP: 3/3
  1244 | D:2      | Reached XP level 4. HP: 24/40 MP: 4/4
  1421 | D:2      | Reached skill level 1 in Throwing
  1571 | D:2      | Found a snail-covered altar of Cheibriados.
  1677 | D:3      | Noticed Jessica
  1687 | D:3      | Killed Jessica
  1873 | D:3      | Reached XP level 5. HP: 42/46 MP: 5/5
  1892 | D:3      | Found an ornate altar of the Wu Jian Council.
  1892 | D:3      | Found a basalt altar of Yredelemnul.
  1987 | D:3      | Reached skill level 1 in Evocations
  2193 | D:3      | Found a sparkling altar of Nemelex Xobeh.
  2538 | D:4      | Reached skill level 5 in Axes
  2565 | D:4      | Noticed an ogre
  2581 | D:4      | Killed an ogre
  2581 | D:4      | Reached XP level 6. HP: 41/53 MP: 5/7
  2599 | D:4      | Reached skill level 5 in Fighting
  2662 | D:4      | Found a shadowy altar of Dithmenos.
  2929 | D:4      | Reached XP level 7. HP: 61/61 MP: 8/8
  3159 | D:5      | Entered Level 5 of the Dungeon
  3163 | D:5      | Found Javvink's Food Shop.
  3181 | D:5      | Found a burning altar of Makhleb.
  3187 | D:5      | Reached skill level 1 in Dodging
  3293 | D:5      | Found an iron altar of Okawaru.
  3300 | D:5      | Became a worshipper of Warmaster Okawaru
  3518 | D:5      | Found a staircase to the Ecumenical Temple.
  3663 | D:5      | Reached XP level 8. HP: 70/70 MP: 10/10
  3723 | D:5      | Reached * piety under Okawaru
  4072 | D:6      | Reached skill level 5 in Armour
  4090 | D:6      | Noticed Blork the orc
  4100 | D:6      | Killed Blork the orc
  4578 | D:6      | Found a white marble altar of Elyvilon.
  4621 | D:6      | Reached ** piety under Okawaru
  4751 | D:6      | Reached XP level 9. HP: 61/79 MP: 12/12
  4821 | D:6      | Reached skill level 5 in Shields
  4860 | D:6      | Found a runed translucent door.
  4861 | D:6      | Noticed Crazy Yiuf
  4868 | D:6      | Killed Crazy Yiuf
  5218 | D:6      | Got a polished short sword
  5483 | D:7      | Found a hazy altar of Hepliaklqana.
  5579 | D:7      | Gained mutation: You are covered in fur. (AC +1) [potion of
                  | mutation]
  5579 | D:7      | Gained mutation: You are surrounded by a mild repulsion
                  | field. (EV +2) [potion of mutation]
  5616 | D:7      | Found the +7 Spriggan's Knife {stab, EV+4 Stlth+}
  5726 | D:7      | Reached skill level 5 in Evocations
  5836 | D:7      | Reached *** piety under Okawaru
  5841 | D:7      | Reached skill level 10 in Axes
  5912 | D:7      | Reached skill level 1 in Invocations
  6063 | D:7      | Reached XP level 10. HP: 66/90 MP: 14/14
  6091 | D:7      | Reached **** piety under Okawaru
  6426 | D:8      | Noticed Erica
  6435 | D:8      | Killed Erica
  6469 | D:8      | Identified the cursed +3 short sword "Iciyx" {venom, rN+
                  | MP+9} (You found it on level 6 of the Dungeon)
  7344 | D:9      | Found Ohenoih's Weapon Boutique.
  7486 | D:9      | Found Laeprits's Jewellery Emporium.
  7609 | D:9      | Found Meshriohu's Assorted Antiques.
  7610 | D:9      | Found Payhepnov's Gadget Boutique.
  7619 | D:9      | Bought a cyan potion for 25 gold pieces
  7619 | D:9      | Bought a scroll labeled LUIKEI HEPLEGA for 28 gold pieces
  7619 | D:9      | Bought a scroll labeled VAFFOPP SOBOM for 28 gold pieces
  7619 | D:9      | Bought 2 scrolls of identify for 112 gold pieces
  7619 | D:9      | Bought a scroll of identify for 56 gold pieces
  7619 | D:9      | Bought a runed fluorescent wand for 112 gold pieces
  7619 | D:9      | Bought a smoky black potion for 25 gold pieces
  7619 | D:9      | Bought a scroll of magic mapping for 98 gold pieces
  7694 | D:9      | Reached ***** piety under Okawaru
  7694 | D:9      | Reached skill level 5 in Invocations
  7985 | D:9      | Found Veotoin's Weapon Emporium.
  8036 | D:10     | Entered Level 10 of the Dungeon
  8071 | D:10     | Reached XP level 11. HP: 87/97 MP: 15/15
  8089 | D:10     | Found a flagged portal.
  8099 | Bailey   | Entered a bailey
  8526 | Bailey   | Found a roughly hewn altar of Beogh.
  8526 | Bailey   | Noticed an orc knight
  8529 | Bailey   | Received a gift from Okawaru
  8533 | Bailey   | Killed an orc knight
  8840 | D:10     | Reached skill level 10 in Fighting
  8847 | D:10     | Found a staircase to the Lair.
  8854 | D:10     | Found a blossoming altar of Fedhas.
  9045 | D:10     | Noticed an unseen horror
  9061 | D:10     | Killed an unseen horror
  9268 | D:10     | Noticed a salamander
  9268 | D:10     | a shapeshifter changed into a salamander
  9276 | D:10     | Noticed an orb spider
  9276 | D:10     | a salamander changed into an orb spider
  9279 | D:10     | Killed an orb spider
  9286 | D:10     | Noticed a wizard
  9297 | D:10     | Killed a wizard
  9417 | D:10     | Noticed a brown ugly thing
  9428 | D:10     | Killed a brown ugly thing
  9449 | D:10     | Identified the Disquisition on Bewitchment
  9455 | D:10     | Got an ancient gossamer ring
  9470 | D:10     | Identified the cursed ring "Wakkerr" {rF++ Int-5 Dex-4}
                  | (You found it on level 10 of the Dungeon)
  9567 | D:11     | Reached XP level 12. HP: 63/108 MP: 17/17
  9709 | D:11     | Found a portal to a secret trove of treasure.
  9808 | D:11     | Found a burning altar of Makhleb.
  9832 | D:11     | Reached XP level 13. HP: 106/117 MP: 18/20
 10140 | D:12     | Found a staircase to the Orcish Mines.
 10144 | D:12     | Received a gift from Okawaru
 10293 | Orc:1    | Entered Level 1 of the Orcish Mines
 10381 | Orc:1    | Reached ****** piety under Okawaru
 10473 | Orc:2    | Entered Level 2 of the Orcish Mines
 10747 | Orc:1    | Noticed an orc warlord
 10798 | Orc:1    | Killed an orc warlord
 10813 | Orc:1    | Reached skill level 10 in Invocations
 10918 | Orc:1    | Found a roughly hewn altar of Beogh.
 10943 | Orc:1    | Received a gift from Okawaru
 11561 | Orc:2    | Paralysed by an orc sorcerer for 5 turns
 11601 | Orc:2    | Found a staircase to the Elven Halls.
 12020 | Orc:2    | Found Waumecuc's Food Shop.
 12056 | Orc:2    | Found Liekhleco's Magic Scroll Boutique.
 12343 | Orc:2    | Bought a scroll of enchant weapon for 105 gold pieces
 12343 | Orc:2    | Bought 2 scrolls of identify for 56 gold pieces
 12343 | Orc:2    | Bought a scroll of immolation for 49 gold pieces
 12343 | Orc:2    | Bought a scroll of acquirement for 728 gold pieces
 12343 | Orc:2    | Bought a scroll of identify for 28 gold pieces
 12357 | Orc:2    | Got the +10 gold dragon scales "Cihuef" {rPois rF+ rC+
                  | Regen+}
 12522 | Orc:2    | Reached XP level 14. HP: 127/127 MP: 21/21
 12531 | Orc:2    | Received a gift from Okawaru
 12532 | Orc:2    | Got an ancient fustibalus {god gift}
 12537 | Orc:2    | Reached skill level 10 in Shields
 12591 | Orc:2    | Reached skill level 15 in Axes
 12638 | Orc:2    | Found Anaamn's Antique Armour Shoppe.
 12638 | Orc:2    | Found Demaor's Book Emporium.
 12645 | Orc:2    | Found a one-way gate leading to the halls of Pandemonium.
 12747 | Orc:2    | Bought a scroll of remove curse for 42 gold pieces
 12747 | Orc:2    | Bought a scroll of teleportation for 42 gold pieces
 12747 | Orc:2    | Bought a scroll of identify for 28 gold pieces
 12747 | Orc:2    | Bought a scroll of identify for 28 gold pieces
 12747 | Orc:2    | Bought a scroll of teleportation for 42 gold pieces
 12925 | D:12     | Found Kareikhluet's Antique Weapon Boutique.
 13140 | D:12     | Received a gift from Okawaru
 13141 | D:12     | Found the +14 obsidian axe {vorpal, +Fly SInv *Curse}
 13847 | D:14     | Found Dijo's Antique Weapon Shoppe.
 13847 | D:14     | Found a large runed translucent door.
 13855 | D:14     | Found a large runed translucent door.
 13862 | D:14     | Found Otetyse's Armour Boutique.
 13876 | D:14     | Found a gate to the Vaults.
 13906 | D:14     | Found a gate leading to a gauntlet.
 13917 | D:14     | Reached skill level 10 in Evocations
 13930 | D:14     | Reached XP level 15. HP: 135/138 MP: 23/23
 13959 | Gauntlet | Entered a Gauntlet
 13959 | Gauntlet | Found a transporter.
 13978 | Gauntlet | Found a transporter.
 13983 | Gauntlet | Found a transporter.
 13991 | Gauntlet | Found a transporter.
 14010 | Gauntlet | Found a transporter.
 14025 | Gauntlet | Found a transporter.
 14048 | Gauntlet | Found a transporter.
 14060 | Gauntlet | Found a transporter.
 14068 | Gauntlet | Found a large runed translucent door.
 14069 | Gauntlet | Found a large runed translucent door.
 14070 | Gauntlet | Found a large runed translucent door.
 14070 | Gauntlet | Found a large runed translucent door.
 14071 | Gauntlet | Found a runed translucent gate.
 14072 | Gauntlet | Found a transporter.
 14072 | Gauntlet | Found a runed translucent gate.
 14073 | Gauntlet | Found a runed translucent gate.
 14073 | Gauntlet | Found a large runed translucent door.
 14073 | Gauntlet | Found a large runed translucent door.
 14073 | Gauntlet | Found a runed translucent door.
 14073 | Gauntlet | Found a runed translucent door.
 14074 | Gauntlet | Found a large runed translucent door.
 14076 | Gauntlet | Found a large runed translucent door.
 14076 | Gauntlet | Found a large runed translucent door.
 14077 | Gauntlet | Found a large runed translucent door.
 14078 | Gauntlet | Found a large runed translucent door.
 14086 | Gauntlet | Found a transporter.
 14103 | Gauntlet | Found a transporter.
 14116 | Gauntlet | Found a large runed translucent door.
 14117 | Gauntlet | Found a large runed translucent door.
 14118 | Gauntlet | Found a large runed translucent door.
 14118 | Gauntlet | Found a large runed translucent door.
 14120 | Gauntlet | Found a transporter.
 14122 | Gauntlet | Found a large runed translucent door.
 14122 | Gauntlet | Found a transporter.
 14148 | Gauntlet | Found a transporter.
 14150 | Gauntlet | Found a transporter.
 14152 | Gauntlet | Found a transporter.
 14174 | Gauntlet | Found a transporter.
 14176 | Gauntlet | Found a transporter.
 14367 | Gauntlet | Got a serpentine platinum ring
 14369 | Gauntlet | Identified the ring "Dehe" {rElec Dex+2 SInv Stlth+} (You
                  | found it in a Gauntlet)
 14404 | Gauntlet | Received a gift from Okawaru
 14572 | D:14     | Found Rivotiwk's General Store.
 14595 | D:14     | Bought a potion of curing for 39 gold pieces
 14595 | D:14     | Bought a scroll of magic mapping for 45 gold pieces
 14668 | D:14     | Received a gift from Okawaru
 14719 | D:14     | Found a bloodstained altar of Trog.
 14731 | D:14     | Found a blossoming altar of Fedhas.
 14731 | D:14     | Noticed a frost giant
 14738 | D:14     | Killed a frost giant
 14738 | D:14     | Received a gift from Okawaru
 15175 | D:15     | Entered Level 15 of the Dungeon
 15561 | D:15     | Found a staircase to the Depths.
 15870 | D:15     | Found a shimmering blue altar of Sif Muna.
 16063 | Lair:1   | Entered Level 1 of the Lair of Beasts
 16757 | Lair:2   | Reached skill level 15 in Fighting
 16786 | Lair:2   | Received a gift from Okawaru
 17032 | Lair:2   | Found a staircase to the Swamp.
 17056 | Lair:2   | Found a staircase to the Snake Pit.
 17270 | Lair:2   | Received a gift from Okawaru
 18114 | Lair:4   | Noticed Kirke
 18115 | Lair:4   | Found a frozen archway.
 18130 | Lair:4   | Killed Kirke
 18130 | Lair:4   | Reached XP level 16. HP: 139/149 MP: 25/25
 18141 | IceCv    | Entered an ice cave
 18148 | IceCv    | Received a gift from Okawaru
 18208 | IceCv    | Identified the +1 scale mail of Miracles {+Blink rF+ rN+
                  | Slay+3} (You found it in an ice cave)
 18264 | IceCv    | Identified the +6 ice dragon scales "Wadekub" {rF- rC++
                  | Regen+ Dex+2} (You found it in an ice cave)
 18790 | Lair:5   | Noticed Rupert
 18798 | Lair:5   | Killed Rupert
 19350 | Lair:6   | Entered Level 6 of the Lair of Beasts
 19517 | Lair:6   | Found a transporter.
 19521 | Lair:6   | Found a transporter.
 19591 | Lair:6   | Noticed Sede's ghost (journeyman HOFi)
 19613 | Lair:6   | Killed Sede's ghost
 19837 | Lair:6   | Found a viscous altar of Jiyva.
 19837 | Lair:6   | Found a staircase to the Slime Pits.
 20124 | Lair:6   | Received a gift from Okawaru
 20124 | Lair:6   | Reached skill level 5 in Throwing
 20234 | Lair:6   | Identified the ring "Biepset" {Ice rPois Str+2} (You found
                  | it on level 6 of the Lair of Beasts)
 20666 | Snake:1  | Entered Level 1 of the Snake Pit
 20672 | Snake:1  | Noticed Asterion
 20686 | Snake:1  | Killed Asterion
 20702 | Snake:1  | Noticed Donald
 20709 | Snake:1  | Killed Donald
 20859 | Snake:1  | Found Azxu's Gadget Boutique.
 20859 | Snake:1  | Found Nijeoce's Jewellery Emporium.
 20860 | Snake:1  | Found Yzadiucsen's Jewellery Emporium.
 20881 | Snake:1  | Bought a +4 ring of slaying for 1248 gold pieces
 21027 | Snake:1  | Identified a +1 pair of boots of running (You acquired it
                  | on level 1 of the Snake Pit)
 21327 | Snake:2  | Reached XP level 17. HP: 145/159 MP: 27/27
 21507 | Snake:2  | Received a gift from Okawaru
 21904 | Snake:3  | Reached skill level 10 in Armour
 21950 | Snake:3  | Received a gift from Okawaru
 22419 | Snake:4  | Entered Level 4 of the Snake Pit
 22568 | Snake:4  | Received a gift from Okawaru
 22568 | Snake:4  | Reached XP level 18. HP: 99/171 MP: 27/29
 22850 | Snake:4  | Reached skill level 15 in Invocations
 23216 | Snake:4  | Got a serpentine rune of Zot
 23224 | Snake:4  | Received a gift from Okawaru
 23227 | Snake:4  | Identified the +7 broad axe of Compound Interest {elec,
                  | +Blink rF+ Int+2} (Okawaru gifted it to you on level 4 of
                  | the Snake Pit)
 23331 | Snake:4  | Received a gift from Okawaru
 23953 | Snake:1  | Bought a phantom mirror for 420 gold pieces
 23953 | Snake:1  | Bought a phantom mirror for 420 gold pieces
 23966 | Snake:1  | Bought the ring of Robustness {AC+8} for 1664 gold pieces
 23966 | Snake:1  | Found the ring of Robustness {AC+8}
 23966 | Snake:1  | Bought an uncursed amulet of faith for 520 gold pieces
 24129 | Swamp:1  | Entered Level 1 of the Swamp
 24217 | Swamp:1  | Reached XP level 19. HP: 146/182 MP: 30/30
 24324 | Swamp:1  | Reached skill level 1 in Stealth
 24573 | Swamp:1  | Received a gift from Okawaru
 24574 | Swamp:1  | Got a crude hat {god gift}
 24585 | Swamp:1  | Identified the +2 hat "Tuxiloen" {-Cast +Inv rF+ MR+++}
                  | (Okawaru gifted it to you on level 1 of the Swamp)
 24704 | Swamp:1  | Noticed Jorgrun
 24769 | Swamp:1  | Killed Jorgrun
 24840 | Swamp:2  | Noticed Roxanne
 24858 | Swamp:2  | Killed Roxanne
 26358 | Swamp:4  | Entered Level 4 of the Swamp
 26378 | Swamp:4  | Received a gift from Okawaru
 26452 | Swamp:4  | Received a gift from Okawaru
 26765 | Swamp:4  | Received a gift from Okawaru
 26845 | Swamp:4  | Received a gift from Okawaru
 26849 | Swamp:4  | Noticed the 27-headed Lernaean hydra
 26850 | Swamp:4  | Killed the 27-headed Lernaean hydra
 26958 | Swamp:4  | Got a decaying rune of Zot
 27288 | D:9      | Bought a phantom mirror for 420 gold pieces
 27288 | D:9      | Bought a phantom mirror for 420 gold pieces
 27593 | D:14     | Bought a scroll of identify for 26 gold pieces
 27593 | D:14     | Bought a wand of flame (22) for 156 gold pieces
 27593 | D:14     | Bought 3 scrolls of identify for 78 gold pieces
 27593 | D:14     | Bought a scroll of identify for 26 gold pieces
 27708 | Depths:1 | Entered Level 1 of the Depths
 27756 | Depths:1 | Found a one-way gate to the infinite horrors of the Abyss.
 27832 | Depths:1 | Reached skill level 15 in Shields
 27916 | Depths:1 | Reached XP level 20. HP: 189/193 MP: 32/32
 27955 | Depths:1 | Paralysed by a floating eye for 2 turns
 28121 | Depths:1 | Received a gift from Okawaru
 28135 | Depths:1 | Found the cursed necklace of Bloodlust {*Rage +Rage MR++
                  | Int-3 Slay+6 *Curse}
 28135 | Depths:1 | Noticed a juggernaut
 28153 | Depths:1 | Noticed a caustic shrike
 28169 | Depths:1 | Found a gateway to Hell.
 28177 | Depths:1 | Received a gift from Okawaru
 28178 | Depths:1 | Got a fine robe {god gift}
 28393 | Depths:1 | Killed a juggernaut
 28654 | Depths:1 | Killed a caustic shrike
 28918 | Depths:1 | You are sucked into a shaft and drop 1 floor!
 29358 | Depths:2 | Received a gift from Okawaru
 29390 | Depths:2 | Found a transporter.
 29404 | Depths:2 | Found a transporter.
 29404 | Depths:2 | Found a transporter.
 29404 | Depths:2 | Noticed a juggernaut
 29420 | Depths:2 | Found a transporter.
 29436 | Depths:2 | Found a transporter.
 29436 | Depths:2 | Noticed a juggernaut
 29510 | Depths:2 | Received a gift from Okawaru
 29761 | Depths:2 | Reached XP level 21. HP: 154/204 MP: 27/33
 29766 | Depths:2 | Killed a juggernaut
 29776 | Depths:2 | Killed a juggernaut
 29776 | Depths:2 | Received a gift from Okawaru
 29794 | Depths:2 | Received a gift from Okawaru
 29838 | Depths:2 | Got a crude wooden ring
 29839 | Depths:2 | Identified the ring "Zetzod" {*Slow rCorr Str+6 Stlth+}
                  | (You found it on level 2 of the Depths)
 29841 | Depths:2 | Identified the +0 helmet of Qutaonk {rN++ Regen+ Str+2
                  | Int-5} (You found it on level 2 of the Depths)
 30000 | Depths:3 | Received a gift from Okawaru
 30244 | Depths:3 | Found a runed translucent gate.
 30244 | Depths:3 | Found a runed translucent gate.
 30266 | Depths:3 | Found a runed translucent gate.
 30297 | Depths:3 | Noticed Barug's ghost (adept TrMo)
 30338 | Depths:3 | Killed Barug's ghost
 30527 | Depths:3 | Got the ring of Qunnuv {Fire}
 30528 | Depths:3 | Identified the ring of Qunnuv {Fire rN+ Str+4} (You found
                  | it on level 3 of the Depths)
 30540 | Depths:3 | Got a slimy ruby amulet
 30541 | Depths:3 | Identified the amulet of Migi {Spirit +Inv rElec Int+4
                  | Stlth+} (You found it on level 3 of the Depths)
 30758 | Depths:3 | Received a gift from Okawaru
 30933 | Depths:3 | Received a gift from Okawaru
 30973 | Depths:3 | Found a gateway to a ziggurat.
 31071 | Depths:3 | Reached XP level 22. HP: 207/215 MP: 34/34
 31136 | Depths:3 | Reached skill level 15 in Evocations
 31167 | Depths:3 | Found the +7 sceptre of Torment {pain, torment}
 31550 | Depths:4 | Noticed a golden dragon
 31558 | Depths:4 | Killed a golden dragon
 31775 | Depths:4 | Found a shimmering blue altar of Sif Muna.
 31895 | Depths:4 | Found Kyrof's Book Shop.
 31940 | Depths:4 | Noticed a juggernaut
 31947 | Depths:4 | Noticed a caustic shrike
 31970 | Depths:4 | Killed a juggernaut
 31975 | Depths:4 | Killed a caustic shrike
 31980 | Depths:4 | Received a gift from Okawaru
 33054 | D:12     | Noticed Erolcha
 33063 | D:12     | Killed Erolcha
 33600 | Elf:1    | Entered Level 1 of the Elven Halls
 33967 | Elf:1    | Upgraded the game from 0.25-b1-29-g4cfa5c7 to
                  | 0.25-b1-41-g1964123
 33997 | Elf:1    | Identified the +7 plate armour of Gluttony {Int+2 Stlth+}
                  | (You found it on level 1 of the Elven Halls)
 34065 | Elf:1    | Found Mixoeni's Jewellery Emporium.
 34133 | Elf:1    | Reached XP level 23. HP: 215/225 MP: 36/36
 34788 | Elf:2    | Found Naapa's Antique Weapon Boutique.
 34958 | Elf:2    | Found a runed translucent gate.
 34958 | Elf:2    | Found a runed translucent gate.
 34959 | Elf:2    | Found a runed translucent gate.
 35000 | Elf:2    | Noticed Louise
 35025 | Elf:2    | Killed Louise
 35025 | Elf:2    | Received a gift from Okawaru
 35352 | Elf:3    | Entered Level 3 of the Elven Halls
 35955 | Elf:3    | Received a gift from Okawaru
 35978 | Elf:3    | Noticed Bai Suzhen
 35999 | Elf:3    | Identified the cursed +1 battleaxe "Itedis" {vorpal, Int+6}
 36005 | Elf:3    | Killed Bai Suzhen
 36008 | Elf:3    | Received a gift from Okawaru
 36030 | Elf:3    | Identified the +0 acid dragon scales of Hionauth {rCorr
                  | Dex+4} (Okawaru gifted it to you on level 3 of the Elven
                  | Halls)
 36167 | Elf:3    | Found the +8 demon trident "Rift" {distort, reach+}
 36248 | Elf:3    | Identified the Collected Works on Harmful Intoxication
 36264 | Elf:3    | Identified the ring "Roxisi" {rPois Str+4} (You found it on
                  | level 3 of the Elven Halls)
 36270 | Elf:3    | Identified the +4 falchion of Shame {venom, rPois Dex+4}
                  | (You found it on level 3 of the Elven Halls)
 36398 | Elf:3    | Identified the +1 scimitar "Toimper" {elec, +Fly MR+++
                  | Str-4 Dex+2} (Okawaru gifted it to you on level 3 of the
                  | Elven Halls)
 36792 | Orc:2    | Identified the +4 fustibalus "Rackunka" {venom, rC+++ rN+
                  | MR+ Dex-2} (Okawaru gifted it to you on level 2 of the
                  | Orcish Mines)
 37256 | Depths:4 | Reached XP level 24. HP: 237/237 MP: 36/36
 37398 | Depths:4 | Identified the +2 scale mail of the Gloaming {*Drain +Inv
                  | rN+} (Okawaru gifted it to you on level 4 of the Depths)
 37401 | Depths:5 | Entered Level 5 of the Depths
 37526 | Depths:5 | Found a gate to the Realm of Zot.
 38161 | Depths:5 | Received a gift from Okawaru
 38310 | Depths:5 | Reached skill level 5 in Dodging
 38313 | Depths:5 | Received a gift from Okawaru
 38318 | Depths:5 | Identified the +0 cloak of Perfidy {Harm rC- Regen+}
                  | (Okawaru gifted it to you on level 5 of the Depths)
 39062 | Temple   | Entered the Ecumenical Temple
 39123 | D:8      | Noticed Psyche
 39270 | Vaults:1 | Entered Level 1 of the Vaults
 39274 | Vaults:1 | Found Vepifos's Antique Armour Shop.
 39440 | Vaults:1 | Noticed Saint Roka
 39452 | Vaults:1 | Killed Saint Roka
 40306 | Vaults:1 | You are sucked into a shaft and drop 1 floor!
 40758 | Vaults:2 | Identified the cursed -1 tower shield of Ciryjuqemn {Harm
                  | rN+ Int+4}
 40758 | Vaults:2 | Noticed Mennas
 40774 | Vaults:2 | Killed Mennas
 40774 | Vaults:2 | Received a gift from Okawaru
 40787 | Vaults:2 | Identified a +2 pair of boots of running (Okawaru gifted it
                  | to you on level 2 of the Vaults)
 40861 | Vaults:2 | Reached XP level 25. HP: 219/247 MP: 36/36
 41823 | Vaults:3 | Found a staircase to the Crypt.
 43181 | Vaults:4 | Received a gift from Okawaru
 44491 | Vaults:5 | Entered Level 5 of the Vaults
 44533 | Vaults:5 | Reached XP level 26. HP: 254/258 MP: 36/36
 44546 | Vaults:5 | Reached skill level 10 in Dodging
 44652 | Vaults:5 | Received a gift from Okawaru
 44660 | Vaults:5 | Received a gift from Okawaru
 45095 | Vaults:5 | Got a silver rune of Zot
 45327 | Vaults:5 | Identified the Handbook of Clay and Enchantment
 45415 | Vaults:5 | Noticed an ancient lich
 45435 | Vaults:5 | Killed an ancient lich
 45464 | Vaults:5 | Received a gift from Okawaru
 45535 | Vaults:5 | Received a gift from Okawaru
 45837 | Vaults:5 | Reached XP level 27. HP: 266/266 MP: 37/37
 45954 | Vaults:5 | Received a gift from Okawaru
 46074 | Vaults:5 | Found Nieptez's Jewellery Shoppe.
 46077 | Vaults:5 | Found Iqiosogo's Jewellery Boutique.
 46620 | Crypt:1  | Entered Level 1 of the Crypt
 46626 | Crypt:1  | Found a basalt altar of Yredelemnul.
 46640 | Crypt:1  | Found a magical portal.
 46821 | WizLab   | Reached skill level 15 in Armour
 46923 | WizLab   | Noticed an antique lich
 46935 | WizLab   | Killed an antique lich
 46939 | WizLab   | Found the +9 sword of Zonguldrok {reap}
 47072 | Crypt:1  | Noticed an ancient lich
 47081 | Crypt:1  | Killed an ancient lich
 47082 | Crypt:1  | Noticed Mara
 47103 | Crypt:1  | Killed Mara
 47103 | Crypt:1  | Received a gift from Okawaru
 47178 | Crypt:1  | Found a basalt altar of Yredelemnul.
 47267 | Crypt:1  | Identified the +1 scale mail of Honesty {Dex+3} (Okawaru
                  | gifted it to you on level 1 of the Crypt)
 48452 | Crypt:3  | Entered Level 3 of the Crypt
 48527 | Crypt:3  | Identified the +1 fire dragon scales "Irilacla" {Harm rPois
                  | rF++ rC- rN+ Dex+2} (You found it on level 3 of the Crypt)
 49645 | Crypt:3  | Received a gift from Okawaru
 49739 | Crypt:3  | Found a staircase to the Tomb.
 49851 | Crypt:3  | Found an ancient bone altar of Kikubaaqudgha.
 49896 | Crypt:3  | Noticed an ancient lich
 49901 | Crypt:3  | Killed an ancient lich
 50165 | Crypt:3  | Identified the +10 rapier "Egadwaann" {flame, +Inv +Fly rC-
                  | Dex+7} (You found it on level 3 of the Crypt)
 51320 | Temple   | Fell from the grace of Okawaru
 51320 | Temple   | Became a worshipper of the Shining One
 51975 | Slime:1  | Entered Level 1 of the Pits of Slime
 52468 | Slime:3  | Gained mutation: You are clumsy. (Dex -2) [a shining eye]
 52558 | Slime:5  | Entered Level 5 of the Pits of Slime
 52560 | Slime:5  | Reached * piety under the Shining One
 52600 | Slime:5  | Noticed the Royal Jelly
 52628 | Slime:5  | Killed the Royal Jelly
 52673 | Slime:5  | Gained mutation: Your spells are a little easier to cast,
                  | but a little less powerful. [a shining eye]
 52675 | Slime:5  | Gained mutation: Your magical capacity is low. (-10% MP) [a
                  | shining eye]
 52702 | Slime:5  | Gained mutation: Armour fits poorly on your strangely
                  | shaped body. [a shining eye]
 52706 | Slime:5  | Gained mutation: You occasionally shout uncontrollably at
                  | your foes. [a shining eye]
 52708 | Slime:5  | Gained mutation: You are frail. (-10% HP) [a shining eye]
 52710 | Slime:5  | Gained mutation: You are very clumsy. (Dex -4) [a shining
                  | eye]
 52717 | Slime:5  | Lost mutation: You are very clumsy. (Dex -4) [potion of
                  | mutation]
 52717 | Slime:5  | Lost mutation: You are clumsy. (Dex -2) [potion of
                  | mutation]
 52717 | Slime:5  | Gained mutation: You have sharp fingernails. [potion of
                  | mutation]
 52717 | Slime:5  | Lost mutation: Your magical capacity is low. (-10% MP)
                  | [potion of mutation]
 52717 | Slime:5  | Gained mutation: Your mind is acute. (Int +2) [potion of
                  | mutation]
 52718 | Slime:5  | Lost mutation: You are frail. (-10% HP) [potion of
                  | mutation]
 52718 | Slime:5  | Lost mutation: Your spells are a little easier to cast, but
                  | a little less powerful. [potion of mutation]
 52718 | Slime:5  | Gained mutation: You are somewhat resistant to further
                  | mutation. [potion of mutation]
 52719 | Slime:5  | Lost mutation: You are covered in fur. (AC +1) [potion of
                  | mutation]
 52719 | Slime:5  | Lost mutation: Armour fits poorly on your strangely shaped
                  | body. [potion of mutation]
 52801 | Slime:5  | Got a slimy rune of Zot
 52843 | Slime:5  | Got a scintillating marble ring
 52844 | Slime:5  | Identified the ring "Hybb" {*Drain +Fly rPois rC++} (You
                  | found it on level 5 of the Pits of Slime)
 52867 | Slime:5  | Identified the +8 plate armour of Ymosutho {Harm MR- Dex+5}
                  | (You found it on level 5 of the Pits of Slime)
 53901 | D:11     | You showed the slimy rune of Zot to enter a treasure trove
 53902 | Trove    | Entered a treasure trove
 53907 | Trove    | Got a warped brass ring
 53908 | Trove    | Identified the ring "Ateexe" {rElec Int+4} (You found it in
                  | a treasure trove)
 53911 | Trove    | Got a scorched bronze ring
 53912 | Trove    | Identified the ring of Gaahe {rN++ MR- Str+4 Dex+6} (You
                  | found it in a treasure trove)
 53922 | Trove    | Identified the ring of Tujylaj {Dex+6 Slay+3} (You found it
                  | in a treasure trove)
 53926 | Trove    | Identified the amulet of Ynlithrau {Acrobat rF+ rN+ Dex-2}
                  | (You found it in a treasure trove)
 53928 | Trove    | Identified the ring "Ipukybon" {rC+ Str-3 Int+6 Dex+3} (You
                  | found it in a treasure trove)
 53933 | Trove    | Identified the ring "Gibaaluf" {*Contam rPois AC+4 Dex+9
                  | Stlth+} (You found it in a treasure trove)
 53936 | Trove    | Identified the ring "Xycsap" {+Fly rF- MR+++ rCorr Dex-2}
                  | (You found it in a treasure trove)
 54223 | Zot:1    | Entered Level 1 of the Realm of Zot
 54290 | Zot:1    | Reached ** piety under the Shining One
 54346 | Zot:1    | Reached skill level 27 in Axes
 54862 | Zot:2    | Reached *** piety under the Shining One
 55373 | Zot:2    | You are sucked into a shaft and drop 2 floors!
 55615 | Zot:2    | Noticed an orb of fire
 55618 | Zot:2    | Gained mutation: You are frail. (-10% HP) [an orb of fire]
 55634 | Zot:2    | Gained mutation: You have sharp toenails. [an orb of fire]
 55635 | Zot:2    | Killed an orb of fire
 55760 | Zot:2    | Reached **** piety under the Shining One
 56339 | Zot:3    | Reached skill level 27 in Fighting
 56341 | Zot:3    | Reached ***** piety under the Shining One
 57070 | Zot:4    | Found a transporter.
 57113 | Zot:4    | Found a stormy altar of Qazlal.
 57218 | Zot:4    | Found a transporter.
 57392 | Zot:4    | Paralysed by a Zot trap for 4 turns
 57433 | Zot:4    | Got a twitching ruby amulet
 57434 | Zot:4    | Identified the amulet "Abbaczuo" {Spirit rElec Str+5} (You
                  | found it on level 4 of the Realm of Zot)
 57476 | Zot:4    | Got an ancient bronze ring
 57478 | Zot:4    | Identified the ring of the Villain {Fire Stlth+} (You found
                  | it on level 4 of the Realm of Zot)
 57623 | Depths:5 | Voluntarily entered the Abyss.
 57709 | Depths:5 | Escaped the Abyss
 58020 | Depths:5 | Voluntarily entered the Abyss.
 59004 | Depths:5 | Escaped the Abyss
 59008 | Depths:5 | Voluntarily entered the Abyss.
 59163 | Abyss:1  | Was forgiven by Okawaru
 59164 | Abyss:1  | Reached ****** piety under the Shining One
 59171 | Abyss:1  | Paralysed by accursed screaming for 2 turns
 59175 | Abyss:1  | Paralysed by accursed screaming for 1 turns
 59250 | Depths:5 | Escaped the Abyss
 59348 | Depths:5 | Voluntarily entered the Abyss.
 59348 | Abyss:1  | Found a corrupted altar of Lugonu.
 59529 | Abyss:2  | Found a corrupted altar of Lugonu.
 59554 | Abyss:2  | Found a corrupted altar of Lugonu.
 59630 | Abyss:2  | Found a corrupted altar of Lugonu.
 59798 | Abyss:2  | Gained mutation: Scrolls take you a little longer to read.
                  | [a cacodemon]
 59909 | Abyss:2  | Found a roughly hewn altar of Beogh.
 59965 | Abyss:2  | Found a roughly hewn altar of Beogh.
 60628 | Abyss:3  | Found a glowing golden altar of the Shining One.
 60666 | Abyss:3  | Noticed a juggernaut
 60672 | Abyss:3  | Killed a juggernaut
 60678 | Abyss:3  | Got an abyssal rune of Zot
 60785 | Depths:5 | Escaped the Abyss
 61429 | Zig:1    | Entered Level 1 of a ziggurat
 61449 | Zig:2    | Entered Level 2 of a ziggurat
 61462 | Zig:2    | Identified A Beginning Course on Spellcraft
 61603 | Zig:3    | Entered Level 3 of a ziggurat
 61648 | Zig:4    | Entered Level 4 of a ziggurat
 61709 | Zig:5    | Entered Level 5 of a ziggurat
 61956 | Zig:5    | Got a steaming marble ring
 61959 | Zig:5    | Identified the ring of Natej {+Inv +Fly rF- MR++ Str+3}
                  | (You found it on level 5 of a ziggurat)
 61970 | Zig:5    | Got a brightly glowing bone ring
 61973 | Zig:5    | Identified the ring of Nonn {rC+ Str+4 Dex+3 Slay+2} (You
                  | found it on level 5 of a ziggurat)
 61989 | Zig:6    | Entered Level 6 of a ziggurat
 62025 | Zig:6    | Got a clouded zirconium amulet
 62028 | Zig:6    | Identified the amulet of the Ancients {Regen+ Int+6 Slay+3}
                  | (You found it on level 6 of a ziggurat)
 62123 | Zig:7    | Entered Level 7 of a ziggurat
 62130 | Zig:7    | Noticed Taexkuty the pandemonium lord
 62140 | Zig:7    | Killed Taexkuty the pandemonium lord
 62173 | Zig:7    | Got a slimy plate armour
 62179 | Zig:8    | Entered Level 8 of a ziggurat
 62202 | Zig:8    | Found the +8 autumn katana {vorpal, Clar}
 62345 | Zig:9    | Entered Level 9 of a ziggurat
 62358 | Zig:9    | Reached skill level 1 in Spellcasting
 62362 | Zig:9    | Reached skill level 10 in Throwing
 62402 | Zig:10   | Entered Level 10 of a ziggurat
 62410 | Zig:10   | Noticed Sekeesta the pandemonium lord
 62421 | Zig:10   | Killed Sekeesta the pandemonium lord
 62427 | Zig:10   | Found the +7 lajatang of Order {silver, rMut}
 62453 | Zig:10   | Identified First Steps in Spellcraft
 62467 | Zig:10   | Got faintly glowing fire dragon scales
 62474 | Zig:11   | Entered Level 11 of a ziggurat
 62534 | Zig:11   | Found the +9 staff of Wucad Mu {channel}
 62535 | Zig:11   | Found the +10 morningstar "Eos" {elec, Halo rElec}
 62578 | Zig:11   | Identified the +9 plate armour of Absence {rF+ rN+ Int+4}
                  | (You found it on level 7 of a ziggurat)
 62583 | Zig:12   | Entered Level 12 of a ziggurat
 62734 | Hell     | Entered the Vestibule of Hell
 62734 | Hell     | Noticed Geryon
 62755 | Hell     | Noticed Murray
 62759 | Hell     | Killed Geryon
 62782 | Hell     | Killed Murray
 62869 | Hell     | Lost mutation: You are surrounded by a mild repulsion
                  | field. (EV +2) [potion of mutation]
 62869 | Hell     | Lost mutation: You have sharp toenails. [potion of
                  | mutation]
 62869 | Hell     | Lost mutation: You occasionally shout uncontrollably at
                  | your foes. [potion of mutation]
 62869 | Hell     | Gained mutation: You passively map a small area around you.
                  | [potion of mutation]
 62870 | Hell     | Lost mutation: Scrolls take you a little longer to read.
                  | [potion of mutation]
 62870 | Hell     | Lost mutation: Your mind is acute. (Int +2) [potion of
                  | mutation]
 62870 | Hell     | Lost mutation: You are frail. (-10% HP) [potion of
                  | mutation]
 62900 | Hell     | Found a gateway to the Iron City of Dis.
 62988 | Hell     | Found a gateway to the freezing wastes of Cocytus.
 63049 | Hell     | Found a gateway to the decaying netherworld of Tartarus.
 63111 | Hell     | Found a gateway to the ashen valley of Gehenna.
 63185 | Dis:1    | Entered Level 1 of the Iron City of Dis
 65102 | Dis:7    | Entered Level 7 of the Iron City of Dis
 65436 | Dis:7    | Reached skill level 15 in Dodging
 65464 | Dis:7    | Reached skill level 5 in Spellcasting
 65830 | Dis:7    | Identified the cursed ring "Vorakocs" {rF+++ AC-4 Str-3
                  | Dex+4}
 66372 | Dis:7    | Got a crude hand axe
 66852 | Dis:7    | Identified the ring of Eternal Night {rPois rF+ rN+}
 66898 | Dis:7    | Identified the +4 staff of Dispater
 66898 | Dis:7    | Noticed Dispater
 66913 | Dis:7    | Killed Dispater
 67022 | Dis:7    | Got an iron rune of Zot
 67024 | Dis:7    | Got a scintillating bronze ring
 67026 | Dis:7    | Identified the Incunabulum of the Entourage
 67043 | Dis:7    | Identified the ring of Juasah {+Blink rF- rN+ MR+ Int+6}
                  | (You found it on level 7 of the Iron City of Dis)
 67260 | Hell     | Identified the +7 fire dragon scales of the Game of Life
                  | {rF++ rC- rN+} (You found it on level 10 of a ziggurat)
 67273 | Coc:1    | Entered Level 1 of Cocytus
 68029 | Coc:6    | HP: 5/273 [shard shrike (9)]
 68029 | Coc:6    | Killed from afar by a shard shrike

Illustrated notes

Levels and vault maps discovered:
D:1:      saegor_arrival_simple_a, layout_basic, columned_hall_lemuel
D:2:      layout_basic, cheibriados_altar_1, first_ration
D:3:      layout_rooms, nicolae_overflow_crystal_walls, minitemple,
          minivault_27, minmay_statues_item, uniq_jessica
D:4:      layout_basic, old_standard_altar, palyth_stone_intersect
D:5:      layout_rooms, kennysheep_mini, minmay_temple_entry_mini_moons,
          basic_altar, serial_co_window_serial, co_window_paths_a,
          co_window_corner_a, co_window_corner_a, co_window_corner_a,
          co_window_paths_a, co_window_corner_a, co_window_of_opportunity_a,
          co_window_paths_c, co_window_cross_4, co_window_broadway_a,
          co_window_4corner_b, serial_shops, shop
D:6:      corexii_shantytown, layout_loops_corners, basic_altar,
          kennysheep_generic_room_5, uniq_blork_the_orc, uniq_crazy_yiuf_cottage
D:7:      layout_loops_corners, overflow_temple_1_default, grunt_livestock
D:8:      layout_basic, uniq_joseph, uniq_psyche, uniq_erica
D:9:      layout_stronghold, serial_shops, nicolae_shop_crystal, shop, shop,
          shop, shop
D:10:     minmay_the_grid_square_5x5_3x3 [minmay_the_grid_square_5x5_two_small,
          minmay_the_grid_square_5x5_three,
          minmay_the_grid_square_5x5_two_walls_b,
          minmay_the_grid_square_5x5_lines,
          minmay_the_grid_square_5x5_megaprize_open,
          minmay_the_grid_square_5x5_corner,
          minmay_the_grid_square_5x5_sharp_hourglass,
          minmay_the_grid_square_5x5_two_walls_a,
          minmay_the_grid_square_5x5_misaligned], layout_basic, enter_bailey_3,
          fedhas_bush_and_centaur_altar
D:11:     layout_big_octagon, nicolae_trove_entry_crystal,
          david_defended_altar_elf
D:12:     layout_irregular_city, orc_0_dummy, serial_shops, shop, uniq_erolcha
D:13:     layout_rooms, hangedman_abyss_or_decor_lesser_grid
D:14:     layout_loops_cross, erik_vaults_2, roderic_lattice_octagonal_star,
          gauntlet_entry_generic, serial_shops, shop_coins,
          nicolae_shop_temple_entry_statues_fountains,
          nicolae_shop_window_shopping, jmf_multi_god_temple2
D:15:     grunt_enter_depths_hoard, layout_basic, basic_altar,
          minmay_fountain_box
Temple:   nicolae_temple_no_exploring_needed
Lair:1:   layout_chaotic_city, roderic_batcave, grunt_megastairs_1,
          infiniplex_staircase_pool_2
Lair:2:   layout_cave_pods, minmay_swamp_entry_reptiles, dummy_snake_entry
Lair:3:   layout_gridlike, grunt_megastairs_3, lemuel_fruit_tree
Lair:4:   layout_gridlike, portal_ice_cave_demonic_guard, serial_bayou_pond_a,
          uniq_kirke
Lair:5:   layout_roguey, uniq_rupert
Lair:6:   evilmike_catoblepas_cave, layout_cellular_growth,
          dpeg_slime_entry_enclosed_altar, gammafunk_ghost_hive
Swamp:1:  layout_basic_swamp, evilmike_swamp_ruin_house_6, uniq_jorgrun
Swamp:2:  layout_falls_marsh, evilmike_swamp_ruin_house_1, swamp_pool1,
          hangedman_swamp_muck, uniq_roxanne
Swamp:3:  layout_falls_marsh, serial_swamp_ruin, evilmike_swamp_ruin_house_2,
          evilmike_swamp_ruin_rubble_1, evilmike_swamp_ruin_rubble_2
Swamp:4:  swamp_old_school, layout_basic_swamp, swamp_pool4
Snake:1:  layout_misc_corridors, minmay_shop_grove, uniq_asterion, uniq_donald
Snake:2:  layout_rooms, hangedman_snake_wide_pillar_pass, grunt_ministairs_3
Snake:3:  layout_rooms
Snake:4:  snake_hunt, layout_misc_corridors, grunt_ministairs_15,
          nicolae_snake_springs
Slime:1:  layout_caves
Slime:2:  cheibrodos_slime_lost_civilization_9, layout_caves
Slime:3:  layout_caves
Slime:4:  layout_caves
Slime:5
Orc:1:    orc_temple, layout_diamond_mine
Orc:2:    pf_orc_diabolical, layout_caves
Elf:1:    elf_arrival_002, layout_loops_corners, serial_shops, shop_coins,
          hangedman_elf_represent
Elf:2:    layout_geoelf_octagon, serial_shops, shop_statue, grunt_ministairs_6,
          uniq_louise
Elf:3:    nooodl_elf_gasket, layout_geoelf_diagonals, uniq_bai_suzhen
Vaults:1: v_pattern_3, v_misc_1, grunt_vaults_funnel, st_lines, v_misc_2,
          hangedman_vaults_impose, v_misc_16, layout_vaults_omnigrid,
          serial_shops, nicolae_shop_window_shopping, uniq_saint_roka
Vaults:2: nicolae_vaults_stairing_the_circle, vaults_standard_mumra_x,
          ontoclasm_vaults_gateway, v_misc_27, ontoclasm_vaults_tryst,
          ontoclasm_vaults_ring_small, v_misc_28, v_rooms_4,
          vaults_mumra_minichess, vaults_room_semicircle, vaults_room_door_ring,
          layout_vaults_big_room, uniq_mennas
Vaults:3: nicolae_vaults_border_crossing, minmay_crypt_entry_simple_walls,
          nicolae_vaults_hallways_thing, nicolae_vaults_little_squares_2,
          nicolae_vaults_ninety_degrees, v_misc_13,
          nicolae_vaults_diagonal_hallway_6, vaults_dpeg_ring,
          layout_vaults_omnicross
Vaults:4: nicolae_vaults_network_quincunx
          [nicolae_vaults_network_quincunx_subvault,
          nicolae_vaults_network_quincunx_subvault,
          nicolae_vaults_network_quincunx_subvault,
          nicolae_vaults_network_quincunx_subvault,
          nicolae_vaults_network_quincunx_subvault], nicolae_vaults_theta,
          nicolae_vaults_theta, v_misc_31, v_rooms_3, ontoclasm_vaults_twist,
          hangedman_vaults_trim, vaults_room_stairs_pillars, v_misc_4,
          ontoclasm_vaults_misaligned, vaults_mumra_hexcomb, grunt_vaults_focal,
          nicolae_vaults_quartermaster, vaults_room_door_ring,
          layout_vaults_omnibox
Vaults:5
Crypt:1:  layout_basic, basic_altar, mu_enter_wizlab_7, hangedman_blasphemy,
          grunt_crypt_arrival_webbed, uniq_mara
Crypt:2:  layout_basic
Crypt:3:  quadcrypt_mu
Depths:1: layout_basic, abyss_entry, minmay_misc_feat_hallway, hell_entry,
          grunt_pan_entry_sceptre, minivault_12, serial_bayou_shore_b,
          serial_bayou_shore_a
Depths:2: gammafunk_the_bubble [the_bubble_gammafunk_roulette], layout_basic,
          grunt_pan_entry_in_and_out, hell_entry, kennysheep_cluttered_room,
          minmay_orc_keep
Depths:3: lemuel_castle_with_subvaults [lemuel_castle_interior_carwin_2],
          layout_basic, enter_ziggurat_c, gammafunk_ghost_icy, pan_entry,
          grunt_metal_band, nrook_mini_backslash, minmay_microvault,
          serial_bayou_shore_b
Depths:4: minmay_triangles_in_corner, layout_basic, serial_shops, shop,
          abyss_entry, grunt_hell_entry_dis_mu, lemuel_statue_altar,
          interstate_on_off, chequers_serial_rivers_large_a, nrook_campfire,
          hangedman_decor_lopped, serial_bayou_shore_b
Depths:5: grunt_zot_entry_alcove, layout_gridlike, rand_demon_pan_entry_7,
          abyss_entry, hell_entry, serial_bayou_pond_d
Hell
Dis:1:    layout_gridville
Dis:2:    layout_subdivisions
Dis:3:    hangedman_dis_monolith, layout_chaotic_city
Dis:4:    layout_jigsaw
Dis:5:    layout_chaotic_city, grunt_megastairs_5
Dis:6:    layout_jigsaw, grunt_dis_stairs_iron_hall
Dis:7:    dis_grunt_layers
Coc:1:    layout_ice_bergs
Coc:2:    layout_ice_bergs
Coc:3:    layout_cocytus_water_paths
Coc:4:    layout_ice_bergs
Coc:5:    layout_cocytus_water_paths
Coc:6:    layout_cocytus_water_paths
Zot:1:    layout_misc_corridors
Zot:2:    layout_gridlike
Zot:3:    kennysheep_ambush_hall, layout_misc_corridors
Zot:4:    gammafunk_its_a_trap, layout_misc_corridors, basic_altar,
          grunt_ministairs_10

Skill      XL: |  1  2  3  4  5  6  7  8  9 10 11 12 13 14 15 16 17 18 19 20 21 22 23 24 25 26 27 |
---------------+----------------------------------------------------------------------------------+-----
Axes           | 3 4 5 6 8 10 12 13 14 16 17 18 19 20 21 22 23 24 25 27 | 27.0
Fighting       | 4 5 7 8 9 10 11 12 14 15 16 17 19 20 21 22 23 24 25 27 | 27.0
Throwing       | 1 2 3 4 5 6 7 8 9 12 | 12.4
Evocations     | 1 2 3 4 5 6 7 8 9 10 11 12 13 14 15 16 17 21 | 21.0
Armour         | 4 5 6 7 8 9 10 11 12 13 14 22 | 22.0
Shields        | 4 6 7 8 9 10 11 12 13 14 15 16 17 18 19 26 | 26.8
Dodging        | 1 2 7 9 11 15 | 15.7
Invocations    | 1 5 7 9 10 11 13 14 15 16 17 18 19 20 25 | 25.7
Stealth        | 1 |  1.4
Spellcasting   | 6 |  6.9
Conjurations   | |  0.8
Hexes          | |  0.6
Charms         | |  0.5
Summonings     | |  0.6
Translocations | |  0.9
Transmutations | |  0.4
Fire Magic     | |  0.7
Ice Magic      | |  0.5
Air Magic      | |  0.5
Earth Magic    | |  0.6

Action                   |  1- 3 |  4- 6 |  7- 9 | 10-12 | 13-15 | 16-18 | 19-21 | 22-24 | 25-27 || total
-------------------------+-------+-------+-------+-------+-------+-------+-------+-------+-------++-------
Melee: War axe           |   127 |   181 |   430 |   494 |   278 |       |       |       |       ||  1510
       Scimitar          |       |       |       |     3 |       |       |       |       |       ||     3
       Broad axe         |       |       |       |       |   731 |   868 |   875 |   874 |  3774 ||  7122
Throw: Dart              |       |    18 |    11 |       |     1 |     4 |       |       |       ||    34
       Boomerang         |       |       |     1 |    54 |    63 |    54 |    60 |       |       ||   232
       Javelin           |       |       |       |       |     3 |     5 |    20 |    71 |   128 ||   227
Invok: Heroism           |       |       |       |     2 |     6 |     7 |     4 |     5 |     2 ||    26
       Finesse           |       |       |       |       |     3 |     8 |     3 |     5 |     2 ||    21
       Divine Shield     |       |       |       |       |       |       |       |       |    21 ||    21
       Cleansing Flame   |       |       |       |       |       |       |       |       |    14 ||    14
       Summon Divine War |       |       |       |       |       |       |       |       |     1 ||     1
Evoke: Wand              |       |     3 |     4 |    23 |    17 |     5 |    23 |    18 |     8 ||   101
       Lightning rod     |       |       |       |       |     8 |    12 |     8 |    12 |     4 ||    44
       Box of beasts     |       |       |       |       |       |     2 |     3 |       |    12 ||    17
       Phantom mirror    |       |       |       |       |       |       |     1 |       |     3 ||     4
       Tin of tremorston |       |       |       |       |       |       |       |       |    29 ||    29
  Use: Scroll            |       |     2 |    13 |    14 |    17 |    18 |    19 |    20 |    49 ||   152
       Potion            |       |     1 |     3 |     3 |     3 |     6 |     4 |     5 |    26 ||    51
 Stab: Distracted        |       |       |       |     1 |       |     2 |       |     3 |     2 ||     8
       Paralysed         |       |       |       |       |     3 |       |       |       |       ||     3
  Eat: Ration            |     1 |     1 |     2 |     1 |     4 |     4 |     3 |     6 |    22 ||    44
       Chunk             |       |     1 |    10 |    10 |    14 |     8 |    12 |    11 |    23 ||    89
Armor: Scale mail        |    18 |       |       |       |       |       |       |       |       ||    18
       Plate armour      |    66 |   112 |   182 |   100 |       |       |       |       |       ||   460
       Crystal plate arm |       |       |       |   170 |   114 |       |       |       |       ||   284
       Gold dragon scale |       |       |       |       |   167 |   350 |   408 |   362 |  1252 ||  2539
Dodge: Dodged            |    25 |    29 |    75 |   113 |   114 |   137 |   144 |   162 |  1068 ||  1867
Block: Kite shield       |    70 |   104 |   187 |   348 |   826 |   746 |   537 |   660 |  3363 ||  6841
       Reflection        |       |       |       |     1 |    34 |    87 |    38 |   100 |   242 ||   502
